[Event "Early-Titled-Tuesday-Blitz-September-12-2023"]
[Site "Chess.com"]
[Date "2023.09.12"]
[Round "5"]
[White "farzadbfd"]
[Black "WindWhistler11"]
[Result "1-0"]
[WhiteElo "2695"]
[BlackElo "2480"]
[TimeControl "180+1"]
[EndTime "8:55:34 PDT"]
[Termination "farzadbfd won on time"]

1. d4 e6 2. Nf3 Nf6 3. c4 c5 4. d5 exd5 5. cxd5 Bd6 6. Nc3 O-O 7. Bg5 Re8 8. e3 Bf8 9. Bd3 d6 10. O-O h6 11. Bh4 b6 12. a4 Ba6 13. Re1 Bxd3 14.
Qxd3 Nbd7 15. a5 bxa5 16. Bg3 Nh5 17. Nd2 Nxg3 18. hxg3 Rb8 19. Ra2 Ne5 20. Qa6 Qb6 21. Qe2 g6 22. Rea1 Bg7 23. f4 Nd7 24. Nc4 Qc7 25.
Rxa5 Rb7 26. Nb5 Rxb5 27. Rxb5 Nf6 28. Qd3 Qd7 29. Nd2 Qg4 30. Rxa7 Qxg3 31. Nf1 Qe1 32.
Rbb7 Rf8 33. Qd2 Qb1 34. b4 c4 35. Rc7 Ne4 36. Qa2 Qe1 37. Qxc4 Qf2+ 38. Kh1 Qh4+ 39. Kg1 Qf2+ 40. Kh1 Qh4+ 41. Nh2 Ng3+ 42. Kg1 Nf5 43. Qe2 Qg3 44. Nf1 Qh4 45. b5 1-0

[Event "Early-Titled-Tuesday-Blitz-September-12-2023"]
[Site "Chess.com"]
[Date "2023.09.12"]
[Round "5"]
[White "Aleksandar-Topalov"]
[Black "masnyszachistaaa"]
[Result "1/2-1/2"]
[WhiteElo "2343"]
[BlackElo "2540"]
[TimeControl "180+1"]
[EndTime "8:55:34 PDT"]
[Termination "Game drawn by repetition"]

1. b3 d5 2. Bb2 Bg4 3. g3 c6 4.
Bg2 Nd7 5. Nf3 Ngf6 6. O-O Qc7 7. d4 e6 8. Nbd2 Bd6 9. c4 O-O 10. Rc1 a5 11. a3 Qd8 12. h3 Bh5 13. Qe1 Qe7 14.
c5 Bc7 15. e4 dxe4 16. Nxe4 Nxe4 17. Qxe4 Nf6 18. Qe2 Nd5 19. Rfe1 Rad8 20. Qd2 Rfe8 21. Ne5 Bg6 22. Nc4 Ra8 23. Ne3 Nf6 24. Qc3 Red8 25. Nc4 Nd5 26. Qd2 Qd7 27. Ne5 Bxe5 28. dxe5 Nc7 29.
Qc3 Nb5 30. Qf3 Qd2 31. Bc3 Nxc3 32. Qxc3 Rd3 33. Qxd2 Rxd2 34. Rc3 a4 35. b4 Rad8 36. b5 Rc8 37. bxc6 bxc6 38. Rec1 Ra2 39. Re3 Bc2 40. Re2 Bb3 41. Rxa2 Bxa2 42. Rc2 Bb3 43. Rd2 Kf8 44. Rd6 Bd5 45. Rd7 Rb8 46. Ra7 Rb1+ 47. Kh2 Rb5 48.
Rxa4 Rxc5 49. Ra8+ Ke7 50. Ra7+ Ke8 51. Ra8+ Ke7 52.
Ra7+ Ke8 53. Ra8+ Ke7 1/2-1/2

[Event "Early-Titled-Tuesday-Blitz-September-12-2023"]
[Site "Chess.com"]
[Date "2023.09.12"]
[Round "5"]
[White "TomLiu777"]
[Black "Artemiki"]
[Result "1/2-1/2"]
[WhiteElo "2407"]
[BlackElo "2155"]
[TimeControl "180+1"]
[EndTime "8:55:34 PDT"]
[Termination "Game drawn by repetition"]

1. e4 e5 2. Nf3 Nc6 3. Bc4 Bc5 4. O-O Nf6 5. c3 d6 6. d4 exd4 7. cxd4 Bb6 8. Nc3 Bg4 9. Be3 O-O 10. Nd5 Nxe4 11.
Nxb6 axb6 12. Bd3 d5 13. Qb1 Re8 14. Nd2 Nxd2 15. Bxh7+ Kh8 16. Bxd2 Nxd4 17. Bd3 Qh4 18. f3 Bf5 19. g3 Qh3 20. Rf2 c5 21. Bc3 Qh7 22.
Bxf5 Nxf5 23. Qd1 Re6 24. Qd2 Rae8 25. Raf1 Ne3 26. Re1 Nc4 27. Rxe6 fxe6 28. Qd1 Qg6 29. Bd2 Ne5 30. Bc1 Nd3 31. Rf1 Nxc1 32. Qxc1 e5 33. Qd2 d4 34. Qe2 e4 35. fxe4 Rxe4 36. Qf2 Re8 37. Qf4 Qh6 38. Qf5 Qe3+ 39. Rf2 Qe1+ 40. Rf1 Qe3+ 41. Rf2 Qe1+ 42. Rf1 Qe3+ 1/2-1/2

[Event "Early-Titled-Tuesday-Blitz-September-12-2023"]
[Site "Chess.com"]
[Date "2023.09.12"]
[Round "5"]
[White "wild3000"]
[Black "Mikhail_Golubev"]
[Result "0-1"]
[WhiteElo "2426"]
[BlackElo "2595"]
[TimeControl "180+1"]
[EndTime "8:55:37 PDT"]
[Termination "Mikhail_Golubev won on time"]

1. d4 Nf6 2. Nf3 g6 3. g3 Bg7 4. Bg2 O-O 5. O-O d6 6. b3 a5 7. a3 a4 8. b4 d5 9. Ne5 Nbd7 10.
Bb2 Nb6 11. Nd2 c6 12. Rc1 Be6 13. h3 Nfd7 14. Kh2 Nxe5 15. dxe5 d4 16. Nf3 Nc4 17. Bxd4 Nxa3 18. Ng5 Bd5 19. Ne4 Qc7 20. Nc5 Bxg2 21.
Kxg2 Rfd8 22. c3 Bxe5 23. Ra1 Bxd4 24. cxd4 Nb5 25. e3 a3 26. Qb3 b6 27. Ne4 e5 28.
dxe5 Qxe5 29. Qc2 Rac8 30. h4 Qd5 31. Rfd1 Qe5 32. Rxd8+ Rxd8 33. Ra2 Qd5 34. Kh3 Kg7 35. g4 f5 36. gxf5 Qxf5+ 37. Kg2 Qd5 38. f3 Rf8 39. Qe2 Qf7 40. f4 Qd5 41. Kf3 Nd6 42. Qc2 Nxe4 43. Qxe4 Qxa2 44. Qe5+ Kg8 45. b5 Qd5+ 46. Qxd5+ cxd5 0-1

[Event "Early-Titled-Tuesday-Blitz-September-12-2023"]
[Site "Chess.com"]
[Date "2023.09.12"]
[Round "5"]
[White "Vesper2018"]
[Black "verrbaa"]
[Result "1/2-1/2"]
[WhiteElo "2596"]
[BlackElo "2443"]
[TimeControl "180+1"]
[EndTime "8:55:39 PDT"]
[Termination "Game drawn by repetition"]

1. e4 c5 2. Nc3 Nc6 3. Bb5 Nd4 4. Bc4 e6 5. Nge2 Ne7 6. O-O Nec6 7. d3 a6 8. a4 Be7 9. f4 d6 10. Nxd4 cxd4 11. Ne2 Qb6 12. Kh1 O-O 13. c3 dxc3 14. bxc3 Rd8 15. d4 d5 16. Bd3 dxe4 17. Bxe4 Na5 18. f5 exf5 19. Bxf5 Bxf5 20. Rxf5 Rac8 21. Qd3 Nb3 22. Rb1 Nxc1 23. Rxc1 g6 24. Rf3 Bg5 25.
Rb1 Qc6 26. Rbf1 Rc7 27. a5 Re8 28. Ng3 Rce7 29. c4 Re3 30. Rxe3 Rxe3 31. Qc2 Bh4 32. Ne2 Qe8 33. Nf4 Re1 34. Qd3 Qe4 35. Kg1 Rxf1+ 36.
Qxf1 Qxd4+ 37. Kh1 Bf2 38. Nd5 Kg7 39. Nb6 Be3 40. Nd5 f5 41. Nxe3 Qxe3 42. Qb1 Qd4 43. Qxb7+ Kh6 44. Qb6 Qxc4 45. h3 Kg7 46. Qa7+ Kh6 47.
Qe3+ Kg7 48. Qe5+ Kh6 49. Qe3+ Kg7 50. Qe5+ Kh6 51. Qe3+ 1/2-1/2

[Event "Early-Titled-Tuesday-Blitz-September-12-2023"]
[Site "Chess.com"]
[Date "2023.09.12"]
[Round "5"]
[White "Goi_Manne"]
[Black "mjray79"]
[Result "0-1"]
[WhiteElo "2317"]
[BlackElo "2538"]
[TimeControl "180+1"]
[EndTime "8:55:40 PDT"]
[Termination "mjray79 won by resignation"]

1. e4 c5 2. Nf3 Nc6 3. c3 d5 4. exd5 Qxd5 5. d4 Bg4 6. Be2 Nf6 7. Be3 e6 8. O-O cxd4 9. Nxd4 Bxe2 10. Qxe2 Be7 11.
Nd2 O-O 12. N2f3 Qh5 13. Rfe1 Rfd8 14. Nxc6 bxc6 15. Nd4 Qd5 16. Qf3 c5 17. Qxd5 Rxd5 18. Nc6 Bf8 19. Rad1 a6 20. c4 Rxd1 21. Rxd1 Rc8 22.
Ne5 Be7 23. f3 Kf8 24. Kf2 Ke8 25. b3 h6 26. h4 Nh5 27. g3 f6 28. Ng6 f5 29. Nxe7 Kxe7 30. g4 Nf6 31. g5 hxg5 32.
hxg5 Nd7 33. f4 Rh8 34. Kg3 Rc8 35. Rh1 e5 36. fxe5 Nxe5 37. Kf4 Ke6 38. Rd1 Ng6+ 39. Kf3 Rh8 40. Bxc5 Rh3+ 41. Kf2 Nf4 42. Rd6+ Ke5 43. Rc6 Rh2+ 44. Kg1 Rxa2 45. Bd6+ Ke4 46. Bxf4 Kxf4 47. g6 Kg5 48. b4 Rb2 49. Rxa6 Rxb4 50. Rc6 Rb2 51.
Kf1 Rc2 52. c5 f4 53. Kg1 Kg4 54. Rc7 Kg3 55. Kf1 f3 56. Ke1 f2+ 57. Kd1 Ra2 58.
Rf7 Ra1+ 59. Kd2 f1=Q 60. Rxf1 Rxf1 61. Kd3 Rc1 62. Kd4 Kf4 63. Kd5 Kf5 64. c6 Kxg6 65.
Kd6 Kf5 0-1

[Event "Early-Titled-Tuesday-Blitz-September-12-2023"]
[Site "Chess.com"]
[Date "2023.09.12"]
[Round "5"]
[White "dropstoneDP"]
[Black "Vladimir_Zakhartsov"]
[Result "1-0"]
[WhiteElo "3017"]
[BlackElo "2888"]
[TimeControl "180+1"]
[EndTime "8:55:41 PDT"]
[Termination "dropstoneDP won by resignation"]

1. e4 c5 2. Nf3 Nc6 3. Bb5 g6 4. O-O Bg7 5. Re1 Nf6 6. e5 Nd5 7. Nc3 Nc7 8. Bxc6 dxc6 9. d3 O-O 10. h3 h6 11. Ne4 Ne6 12. Be3 b6 13. a4 a5 14. Qd2 Kh7 15. b3 Nd4 16. Nxd4 cxd4 17.
Bf4 c5 18. Re2 Bb7 19. Rae1 Qd5 20. f3 Rac8 21. h4 Rc6 22. Nf2 Bc8 23. Bh2 Bf5 24. Qf4 Qd7 25. Ne4 Bxe4 26. Qxe4 Re6 27. h5 Qc6 28. Qxc6 Rxc6 29. e6 f5 30. g4 g5 31. gxf5 Rxf5 32. Kg2 Rc8 33. Re4 Bf6 34. R1e2 Rd5 35. Kh3 Rc6 36. Kg4 Kg7 37. Rg2 b5 38.
axb5 Rb6 39. f4 Rxb5 40. Kf3 a4 41. bxa4 Ra5 42. fxg5 hxg5 43. Kg4 Rxa4 44. c4 Rd8 45. Be5 Ra3 46. Kf5 Rxd3 47. Rxg5+ Kh7 48. Bxf6 Rf3+ 49.
Rf4 Rxf4+ 50. Kxf4 exf6 51. Rxc5 d3 52. Rc7+ Kh6 53.
Rd7 Re8 54. Kf5 1-0

[Event "Early-Titled-Tuesday-Blitz-September-12-2023"]
[Site "Chess.com"]
[Date "2023.09.12"]
[Round "5"]
[White "surrenderPLS"]
[Black "Witty_Alien"]
[Result "0-1"]
[WhiteElo "2507"]
[BlackElo "2187"]
[TimeControl "180+1"]
[EndTime "8:55:41 PDT"]
[Termination "Witty_Alien won by resignation"]

1. e4 c5 2. Nf3 d6 3. d4 cxd4 4. Nxd4 Nf6 5. Nc3 a6 6. Rg1 g6 7. g4 Bg7 8. g5 Nfd7 9. f4 O-O 10. h4 Nc6 11. Be3 Nxd4 12. Bxd4 e5 13. fxe5 Nxe5 14. Rg3 f5 15. exf5 Rxf5 16. Bg2 Rf4 17. Qd2 Rxd4 18. Qxd4 Nf3+ 19. Bxf3 Bxd4 20. O-O-O Bxc3 21. Bd5+ Kg7 22. Rxc3 Bf5 23. Bxb7 Rb8 24. Bxa6 Qb6 25. Rb3 Qc7 26.
Rc3 Qb6 27. Rb3 Qc5 28. Rc3 Qb4 29. Rc7+ Kh8 30. b3 d5 31. Rxd5 Qf4+ 32. Kb2 Qxc7 33. c4 Qh2+ 34. Ka3 Ra8 35. Ra5 Qc7 36. b4 Qxa5+ 37.
bxa5 Rxa6 38. Kb4 Bd7 39. a4 Rc6 40. Kb5 h6 41. a6 hxg5 42. a7 Rc8+ 43. Kb6 Bc6 44.
hxg5 Kg7 45. c5 Kf7 46. a5 Ke6 47. a6 Kf5 48. a8=Q Bxa8 49. Ka7 Kxg5 50. c6 Bxc6 51. Kb6 Kf4 52. a7 g5 0-1

[Event "Early-Titled-Tuesday-Blitz-September-12-2023"]
[Site "Chess.com"]
[Date "2023.09.12"]
[Round "5"]
[White "YairParkhov"]
[Black "Rikikits"]
[Result "0-1"]
[WhiteElo "2603"]
[BlackElo "2859"]
[TimeControl "180+1"]
[EndTime "8:55:45 PDT"]
[Termination "Rikikits won on time"]

1. d4 d5 2. Nf3 Nc6 3. Bf4 Bg4 4.
e3 e5 5. dxe5 f6 6. e6 Bxe6 7.
Bb5 Ne7 8. O-O h5 9. h3 g5 10.
Bh2 a6 11. Nd4 Bd7 12. Nxc6 Nxc6 13. Ba4 Ne7 14. Bb3 Be6 15. e4 Qd7 16. exd5 Nxd5 17. Qe2 O-O-O 18. Nc3 Nf4 19. Bxf4 Bxb3 20. Bxc7 Re8 21. Qf3 g4 22. Qxf6 Bg7 23. Qb6 Bc4 24.
Bg3 h4 25. Bf4 Rhf8 26. Rfd1 Qc6 27. Qxc6+ bxc6 28. Bd6 Rg8 29. hxg4 Bxc3 30. bxc3 Rxg4 31. Rab1 Reg8 32. Rb8+ Kd7 33. Rxg8 Bxg8 34. f3 Ra4 35. Bg3+ Ke8 36. Bc7 Bxa2 37. Rd8+ Ke7 38. Rd2 Bd5 39. Kf2 a5 40. Ke3 Ra1 41. Kd4 a4 42. c4 Be6 43.
Kc5 a3 44. Bd6+ Kf7 45. c3 a2 46. Be5 Kg6 47. f4 Kf5 48. Re2 Bf7 49. Rf2 Ke4 50.
Rd2 Ke3 51. Rb2 Kd3 52. f5 Bxc4 53. f6 Rf1 54. Rxa2 Bxa2 55. Kxc6 Ke4 56. Kd6 Kf5 57.
Bd4 Kg6 58. Kc5 Rf5+ 0-1

[Event "Early-Titled-Tuesday-Blitz-September-12-2023"]
[Site "Chess.com"]
[Date "2023.09.12"]
[Round "5"]
[White "FoxOnTheRun97"]
[Black "MightyGMpretender"]
[Result "1-0"]
[WhiteElo "2573"]
[BlackElo "2804"]
[TimeControl "180+1"]
[EndTime "8:55:46 PDT"]
[Termination "FoxOnTheRun97 won on time"]

1. d4 Nf6 2. Bg5 Ne4 3. h4 h6 4. Bf4 d5 5. Nd2 Bf5 6. e3 e6 7. g4 Bh7 8. Bd3 Bd6 9. Ne2 c5 10. Nxe4 dxe4 11. Bb5+ Ke7 12. c3 Nc6 13. g5 e5 14.
dxe5 Nxe5 15. Bxe5 Bxe5 16. Qb3 Qb6 17. Qd5 Qc7 18. O-O-O Rad8 19. Qb3 a6 20. Bc4 b5 21. Bd5 Bf5 22. Qc2 hxg5 23. Bxe4 Be6 24. hxg5 g6 25.
Kb1 Rxd1+ 26. Rxd1 Rh2 27. Ng1 Bg7 28. Qe2 Qe5 29.
Qf3 Rxf2 30. Qxf2 Qxe4+ 31. Qc2 Qg4 32. Ka1 Qxg5 33. Qd2 Ke8 34. Nf3 Qe7 35. Rh1 Bf6 36. e4 Qb7 37. Re1 Qe7 38. e5 Bg7 39. Ng5 Bc4 40.
Ne4 Bxe5 41. Nd6+ Kf8 42. Nxc4 bxc4 43. Qd5 f6 44. a3 Kg7 45. Qxc4 g5 46. Qxa6 g4 47.
Qe2 g3 48. Qg4+ Kf8 49. Rh1 Qg7 50. Qc8+ Kf7 51. Qd7+ Kg6 52. Qe8+ Kf5 53. Qc8+ Kf4 54. Rf1+ 1-0

[Event "Early-Titled-Tuesday-Blitz-September-12-2023"]
[Site "Chess.com"]
[Date "2023.09.12"]
[Round "5"]
[White "Massakru"]
[Black "MateusViageiro"]
[Result "0-1"]
[WhiteElo "2392"]
[BlackElo "2143"]
[TimeControl "180+1"]
[EndTime "8:55:47 PDT"]
[Termination "MateusViageiro won on time"]

1. e4 c5 2. Nf3 d6 3. c3 Nf6 4. h3 Nbd7 5. Bd3 e6 6. Bc2 Be7 7.
d4 Qc7 8. O-O O-O 9. Bf4 Rd8 10.
Nbd2 b6 11. Rc1 Ba6 12. Re1 Rac8 13. e5 dxe5 14. Nxe5 Nxe5 15. Bxe5 Qd7 16. Qf3 Bb7 17. Qg3 cxd4 18. cxd4 Bd5 19. b3 Rc6 20. Bd3 Rdc8 21. Rcd1 Rc3 22. Nc4 b5 23. Qh4 Rxd3 24. Rxd3 bxc4 25.
bxc4 Rxc4 26. Rg3 Ne8 27. Qh6 f6 28. Bf4 Rxd4 29. Be3 Re4 30. Qh5 Ra4 31. Rb1 Bd6 32. Rg4 Rxg4 33. Qxg4 f5 34. Qd4 Nf6 35. Qd2 Ne4 36.
Qa5 f4 37. Qxa7 Qxa7 38. Bxa7 Bxa2 39. Rb7 Bd5 40. Rd7 Be5 41. f3 Nf6 42. Rd8+ Kf7 43. Bb8 Bd4+ 44. Kh2 e5 45. Rc8 Be6 46. Rc7+ Kg6 47.
Rb7 Bd5 48. Rb5 h5 49. h4 Kf5 50. Kh3 Bc4 51. Rb7 Be6 52. Rxg7 Bd7 53. Bc7 Ke6 54. Bd8 Nd5 0-1

[Event "Early-Titled-Tuesday-Blitz-September-12-2023"]
[Site "Chess.com"]
[Date "2023.09.12"]
[Round "5"]
[White "GaalZsoka"]
[Black "jk13"]
[Result "0-1"]
[WhiteElo "2478"]
[BlackElo "2695"]
[TimeControl "180+1"]
[EndTime "8:55:48 PDT"]
[Termination "jk13 won by resignation"]

1. Nf3 d5 2. g3 e6 3. Bg2 Nf6 4. O-O b5 5. d4 Nbd7 6. a4 b4 7. c3 bxc3 8. Nxc3 Be7 9. a5 Ba6 10. Qc2 O-O 11. Rd1 c6 12. e4 Rb8 13. h4 h6 14. Bf4 Rb4 15. e5 Ne8 16. Nh2 c5 17. Ne2 Bxe2 18. Qxe2 cxd4 19. a6 Qb8 20. Qg4 Nxe5 21.
Qh5 Bd6 22. Re1 Nf6 23. Qd1 Ng6 24. Bxd6 Qxd6 25. Nf3 Qb6 26. h5 Nxh5 27. Nxd4 Nxg3 28. fxg3 Rxd4 29. Qf3 Rd2+ 30. Qe3 Qxe3+ 31. Rxe3 Rxb2 32. Rc3 Ra8 33. Rc7 Ne5 34. Re1 Ng4 35. Rf1 Rxg2+ 36. Kxg2 Ne3+ 37. Kf2 Nxf1 38. Kxf1 g5 39. g4 Kg7 40.
Ke2 Kf6 41. Ke3 Rb8 42. Rxa7 Rb3+ 43. Kd4 Ra3 44. Kc5 Ke5 45. Kb5 f5 46. gxf5 exf5 47.
Rh7 g4 48. Rxh6 g3 49. Rg6 f4 50. Rg7 Ke4 51. Re7+ Kf3 52. a7 g2 53. Kb6 g1=Q+ 54.
Kb7 Qxa7+ 55. Kc8 Qxe7 56. Kb8 d4 0-1

[Event "Early-Titled-Tuesday-Blitz-September-12-2023"]
[Site "Chess.com"]
[Date "2023.09.12"]
[Round "5"]
[White "FuenfgegenWilly"]
[Black "Pingah9"]
[Result "0-1"]
[WhiteElo "2358"]
[BlackElo "2566"]
[TimeControl "180+1"]
[EndTime "8:55:49 PDT"]
[Termination "Pingah9 won by checkmate"]

1. d4 g6 2. c4 Bg7 3. Nc3 c5 4. d5 Bxc3+ 5. bxc3 Qa5 6. Bd2 f5 7. h4 Nf6 8. h5 Rg8 9. Nf3 d6 10. Qb3 Nbd7 11. hxg6 hxg6 12. e3 Nb6 13. Ng5 Bd7 14. f3 O-O-O 15. Bd3 Qa6 16. Kf2 Nfxd5 17. cxd5 Qxd3 18.
Rad1 Ba4 19. Qb1 Qxd5 20. e4 fxe4 21. fxe4 Rdf8+ 22. Kg1 Qc4 23. Re1 Rh8 24. Rxh8 Rxh8 25. Rf1 Bc6 26. Rf7 Qe2 27. Bf4 Qg4 28. Qf1 Qd7 29.
e5 Bd5 30. Rg7 Nc4 31. exd6 Nxd6 32. Qd3 Qf5 33. Qxf5+ Nxf5 34. Rxg6 Kd7 35. a3 Rg8 36. Rxg8 Bxg8 37. Nf3 Nd6 38. Ne5+ Ke6 39. Kf2 Nb5 40.
g4 Nxc3 41. Ke3 Nd5+ 42. Ke4 Nxf4 43. Kxf4 b5 44. g5 a5 45. Ke4 b4 46. axb4 cxb4 47. Nc4 a4 48. Kd3 Bh7+ 49. Kd2 a3 50. Kc1 Kd5 51. Nd2 Kc5 52. Nb3+ Kc4 53. Nd2+ Kc3 54. Nb1+ Bxb1 55. Kxb1 b3 56. g6 a2+ 57.
Ka1 b2+ 58. Kxa2 Kc2 59. g7 b1=Q+ 60. Ka3 Qb3# 0-1

[Event "Early-Titled-Tuesday-Blitz-September-12-2023"]
[Site "Chess.com"]
[Date "2023.09.12"]
[Round "5"]
[White "LUISMIGUELOV"]
[Black "Cambek64"]
[Result "1-0"]
[WhiteElo "2133"]
[BlackElo "2511"]
[TimeControl "180+1"]
[EndTime "8:55:49 PDT"]
[Termination "LUISMIGUELOV won on time"]

1. d4 c6 2. c3 d5 3. Bf4 Nf6 4.
Nd2 Bf5 5. Qb3 Qb6 6. e3 Nbd7 7. Ngf3 e6 8. Be2 Be7 9. Ne5 Nxe5 10. Bxe5 O-O 11. Qxb6 axb6 12. a3 b5 13. O-O Nd7 14.
f3 Nb6 15. e4 Bg6 16. Bd1 Nc4 17. Nxc4 bxc4 18. Bc2 Rfd8 19. Rf2 Bd6 20. Bxd6 Rxd6 21.
e5 Rdd8 22. Bxg6 hxg6 23. h4 Kf8 24. g4 Ke7 25. Kg2 b6 26. f4 c5 27. Rd1 cxd4 28.
Rxd4 Rh8 29. Kg3 b5 30. f5 gxf5 31. gxf5 Raf8 32. Rdf4 exf5 33. Rxf5 Ke6 34. h5 Rh6 35. Kg4 f6 36. exf6 Rhxf6 37. Rxf6+ gxf6 38. Kf4 Rg8 39. Rh2 Kf7 40. h6 Re8 41. h7 Kg7 42. Rg2+ Kxh7 43. Kf5 Re4 44. Kxf6 d4 45. cxd4 Rxd4 46. Rg5 c3 47.
bxc3 Rc4 48. Rxb5 Rxc3 49. a4 Kg8 50. a5 Rc6+ 51. Ke7 Kg7 52. Kd7 Rh6 53. Rb6 Kf7 54. Rxh6 1-0

[Event "Early-Titled-Tuesday-Blitz-September-12-2023"]
[Site "Chess.com"]
[Date "2023.09.12"]
[Round "5"]
[White "DTChess"]
[Black "Vuk2000"]
[Result "1/2-1/2"]
[WhiteElo "2505"]
[BlackElo "2760"]
[TimeControl "180+1"]
[EndTime "8:55:50 PDT"]
[Termination "Game drawn by agreement"]

1. e4 e6 2. d4 d5 3. Nc3 Bb4 4.
e5 c5 5. a3 Bxc3+ 6. bxc3 Qa5 7. Bd2 Qa4 8. Nf3 Ne7 9. dxc5 Nd7 10. Rb1 Qxa3 11. Be2 Qxc5 12. O-O Ng6 13. Be3 Qxc3 14.
Bd4 Qc7 15. Re1 O-O 16. c3 Ndxe5 17. Nxe5 Nxe5 18. Bd3 Nxd3 19. Qxd3 f6 20. Be3 Rd8 21. f4 b6 22. g3 Rd6 23. Bd4 Bd7 24. Qf3 a5 25. g4 Rf8 26. Qg3 Rc6 27. h4 a4 28.
g5 fxg5 29. Qxg5 Rf7 30. Be5 h6 31. Qg6 Qd8 32. Qg3 Qf8 33. Rb2 a3 34. Rg2 Be8 35.
Bd4 Ra7 36. Ree2 Kh7 37. Kh2 Bh5 38. Re5 Be8 39. Qd3+ Kg8 40. Qg3 a2 41. c4 a1=Q 42. Bxa1 Rxa1 43. cxd5 Rc7 44. dxe6 Raa7 45. f5 Re7 46.
Rd5 Kh8 47. Qe5 Qf6 48. Qxf6 gxf6 49. Rd8 Kh7 50. Rb8 b5 51. Rd2 b4 52. Rdd8 Rab7 53. Rxe8 Rxe8 54. Rxe8 b3 55. Rd8 b2 56. Rd7+ Rxd7 57. exd7 b1=Q 58. d8=Q Qxf5 59. Qe7+ Kg6 60. Qe8+ 1/2-1/2

[Event "Early-Titled-Tuesday-Blitz-September-12-2023"]
[Site "Chess.com"]
[Date "2023.09.12"]
[Round "5"]
[White "lrestevez"]
[Black "Dr_crypt"]
[Result "0-1"]
[WhiteElo "2133"]
[BlackElo "2412"]
[TimeControl "180+1"]
[EndTime "8:55:50 PDT"]
[Termination "Dr_crypt won by resignation"]

1. e4 d5 2. exd5 Qxd5 3. Nc3 Qd6 4. g3 c6 5. Bg2 Bf5 6. Nge2 e6 7. O-O Nf6 8. d3 Qc7 9. Rb1 a5 10. Bd2 Nbd7 11. a4 Bb4 12. Qe1 O-O 13. Ne4 Bxd2 14. Qxd2 Rfd8 15. Qg5 h6 16. Qh4 Nxe4 17. dxe4 Bh7 18.
Rfd1 Nc5 19. b3 e5 20. Nc3 Ne6 21. Qg4 Nd4 22. Rbc1 Bg6 23. Bf1 Qe7 24. Rd3 h5 25. Qd1 h4 26. Ne2 Bxe4 27. Nxd4 Bxd3 28. Bxd3 Rxd4 29.
Qh5 e4 30. Re1 Re8 31. Qxa5 h3 32. Bf1 Qd7 33. Qh5 g6 34. Qxh3 Qxh3 35. Bxh3 Rd2 36. Rc1 Red8 37. Kf1 Rd1+ 38. Rxd1 Rxd1+ 39. Ke2 Rh1 40. Bc8 b6 41. Bb7 c5 42. Bxe4 Rxh2 43. Bd3 Rh1 44.
Kf3 Kf8 45. Kg2 Rc1 46. Kf3 Ke7 47. Ke2 Kd6 48. Kd2 Ra1 49. Ke2 Ke5 50. f3 Kd4 51. Kd2 Rg1 52. c3+ Ke5 53. g4 Kf4 54. Be4 f5 55.
gxf5 gxf5 56. Bc6 Rg6 57. Bb7 Rd6+ 58. Ke2 Rd8 59. Bc6 Rd6 60. Bb7 Re6+ 61. Kd2 Re3 62. b4 cxb4 63. cxb4 Ra3 64. Bc6 Rb3 65. a5 bxa5 66.
bxa5 Ra3 67. Bb7 Rxa5 68. Bc6 Ra3 69. Bb7 Rxf3 70. Bxf3 Kxf3 71. Ke1 Kg2 0-1

[Event "Early-Titled-Tuesday-Blitz-September-12-2023"]
[Site "Chess.com"]
[Date "2023.09.12"]
[Round "5"]
[White "Diaschess88"]
[Black "MrTattaglia"]
[Result "0-1"]
[WhiteElo "2647"]
[BlackElo "2916"]
[TimeControl "180+1"]
[EndTime "8:55:51 PDT"]
[Termination "MrTattaglia won on time"]

1. e4 c5 2. Nf3 g6 3. d4 Bg7 4.
dxc5 Nf6 5. Nc3 Qa5 6. Bd3 Nc6 7. Be3 Ng4 8. Bd2 Qxc5 9. Qe2 O-O 10. O-O Qd6 11. h3 Nd4 12. hxg4 Nxe2+ 13. Nxe2 Bxb2 14.
Rab1 Bg7 15. Bb4 Qe6 16. Nf4 Qxg4 17. Nd5 e6 18. Nc7 Rb8 19. Bxf8 Bxf8 20. Na6 Ra8 21. Nc7 Rb8 22. Na6 Bd6 23. Nxb8 Bxb8 24. a4 Qf4 25. Rfe1 g5 26. e5 f5 27. c3 g4 28.
Rb4 Qh6 29. Rc4 Qf8 30. Nd4 b6 31. Nb5 Bb7 32. Rd4 Bc6 33. Nd6 Bxd6 34. Rxd6 Bxa4 35. Ra1 Bc6 36. Rxa7 Qh6 37. Ra1 g3 38. fxg3 Qe3+ 39. Kh2 Qxe5 40. Rd4 h5 41. Rf1 Qc5 42. Rc4 Qe3 43.
Rd4 Kg7 44. Rg1 Kf6 45. Rf1 Ke7 46. Bb1 Qxc3 47. Rh4 Qh8 48. Bc2 b5 49. Bd1 Qg7 50.
Bxh5 Qb2 51. Bf3 Bxf3 52. Rxf3 b4 0-1

[Event "Early-Titled-Tuesday-Blitz-September-12-2023"]
[Site "Chess.com"]
[Date "2023.09.12"]
[Round "5"]
[White "Mesa_1"]
[Black "Young_Catalan_Player09"]
[Result "0-1"]
[WhiteElo "2604"]
[BlackElo "2461"]
[TimeControl "180+1"]
[EndTime "8:55:51 PDT"]
[Termination "Young_Catalan_Player09 won by resignation"]

1. e4 c6 2. Nf3 d5 3. exd5 cxd5 4.
d4 Nc6 5. c3 Bg4 6. h3 Bh5 7. Qb3 Qd7 8. Ne5 Nxe5 9. dxe5 a6 10. c4 dxc4 11. Bxc4 e6 12. O-O Ne7 13. Bd3 Nc6 14.
Be4 Bc5 15. Nd2 O-O 16. Nc4 b5 17. Nd6 Bxd6 18. exd6 Qxd6 19. Be3 Rac8 20. Rfe1 Rfd8 21. g3 Bg6 22. Bg2 Nd4 23. Bxd4 Qxd4 24. Qa3 Rc2 25. Rf1 Qxb2 26. Qxa6 h5 27. Qb6 Rdd2 28. Rab1 Qxa2 29.
Rxb5 Bd3 30. Ra5 Qb2 31. Ra8+ Kh7 32. Qxb2 Rxb2 33. Re1 Rxf2 34. Bc6 Bf5 35. Ra3 Bxh3 36. Be4+ Bf5 37. Bh1 Kg6 38. Rae3 Rfd2 39. Rc3 Rd4 40. Rce3 Rg4 41. Rc3 h4 42. Kf1 Rxg3 43. Rxg3+ hxg3 44. Bg2 Bd3+ 45. Kg1 Bf5 46. Re3 Kf6 47. Rxg3 g5 48.
Kh2 Kg6 49. Rc3 Be4 50. Kg3 Rxg2+ 51. Kh3 g4+ 52. Kh4 Rd2 53. Kg3 f5 54. Kf4 Bd5 55.
Rc8 Rd4+ 56. Kg3 Rd3+ 57. Kf4 Rf3+ 58. Ke5 g3 59. Rg8+ Kf7 60. Rg5 f4 61. Kd4 Rf2 62.
Ke5 g2 63. Kd6 f3 0-1

[Event "Early-Titled-Tuesday-Blitz-September-12-2023"]
[Site "Chess.com"]
[Date "2023.09.12"]
[Round "5"]
[White "DumbKing75"]
[Black "tptagain"]
[Result "1/2-1/2"]
[WhiteElo "2669"]
[BlackElo "2923"]
[TimeControl "180+1"]
[EndTime "8:55:54 PDT"]
[Termination "Game drawn by repetition"]

1. e4 c6 2. d4 d5 3. e5 Bf5 4.
Nf3 e6 5. Be2 Nd7 6. O-O Ne7 7.
Nbd2 Nc8 8. Nb3 a5 9. a4 Be7 10.
Bd2 O-O 11. Rc1 Bb4 12. c3 Be7 13. c4 dxc4 14. Bxc4 Ncb6 15. Nxa5 Qb8 16. Be2 Rd8 17.
Qb3 Be4 18. Rfd1 Bd5 19. Qc2 c5 20. Bg5 Bxg5 21. Nxg5 g6 22. dxc5 Rxa5 23. cxb6 Nxb6 24.
Qc7 Qxc7 25. Rxc7 Rd7 26. Rxd7 Nxd7 27. Bb5 Nxe5 28. b4 Ra8 29. f3 h6 30. Ne4 Kf8 31.
Nf6 Bc6 32. Bxc6 Nxc6 33. b5 Nb4 34. Nd7+ Ke7 35. Nb6 Rd8 36. Rc1 Kf6 37. Rc7 Rd2 38. Rxb7 Nd3 39. g3 Ne1 40. f4 Nf3+ 41. Kf1 g5 42.
fxg5+ hxg5 43. a5 Nxh2+ 44. Ke1 Nf3+ 45. Kf1 Nh2+ 46. Ke1 Nf3+ 47. Kf1 Kf5 48. a6 Kg4 49. Nc4 Nh2+ 50. Ke1 Nf3+ 51. Kf1 Nh2+ 52. Ke1 Nf3+ 53. Kf1 1/2-1/2

[Event "Early-Titled-Tuesday-Blitz-September-12-2023"]
[Site "Chess.com"]
[Date "2023.09.12"]
[Round "5"]
[White "MANOJ_MISHRA123"]
[Black "Jojo_898"]
[Result "0-1"]
[WhiteElo "2211"]
[BlackElo "2358"]
[TimeControl "180+1"]
[EndTime "8:55:55 PDT"]
[Termination "Jojo_898 won by checkmate"]

1. d4 Nf6 2. Bf4 b6 3. e3 Bb7 4. Nf3 d5 5. Bd3 e6 6. Nbd2 Bd6 7. Bg3 O-O 8. Qe2 c5 9. c3 Nc6 10. Rd1 Qe7 11. e4 cxd4 12. e5 Nxe5 13. Bxe5 dxc3 14. bxc3 Rac8 15. Rc1 Bxe5 16. Nxe5 d4 17. Ne4 Nxe4 18. Bxe4 Bxe4 19. Qxe4 dxc3 20. O-O Qa3 21. Rc2 Rfd8 22. Qf3 Rc7 23. h3 h6 24. Rfc1 Rd5 25. Rxc3 Qxc1+ 26. Rxc1 Rxc1+ 27. Kh2 Rxe5 28. Qa8+ Kh7 29. Qxa7 Rf5 30.
Qxb6 Rc2 31. a4 Rfxf2 32. Qb7 Ra2 33. Qe4+ g6 34. h4 Rf5 35. Qb4 e5 36. a5 e4 37.
a6 Rxa6 38. Qxe4 Ra2 39. Kh3 Rff2 40. g3 Ra3 41. h5 Raf3 42. hxg6+ fxg6 43. Qe7+ Rf7 44.
Qe4 h5 45. Qd3 R2f3 46. Qe4 Kg7 47. Kh4 Kh6 48. Kh3 g5 49. Qe6+ R3f6 50. Qe3 Rf1 51. Qe6+ R1f6 52. Qe8 Kg7 53. Qe5 Kg6 54. Qe8 Kf5 55.
Qb5+ Kg6 56. Qd3+ Kh6 57. Qd8 Rf8 58. Qd4 Rf2 59. Qd6+ R8f6 60. Qd4 g4+ 61. Kh4 Rh2# 0-1